Map: Triton LE

Players

Hai

  • Race: Zerg Zerg
  • Spawn Location: 5:00

Prasertwit (StriKE) - Winner!

  • Race: Terran Terran
  • Spawn Location: 11:00

Event: SEA Games 2019

VOD

https://youtu.be/-hkYB5AdXnA

Description

Time

  • Played on: Dec. 5, 2019, 1:08 a.m.
  • Length: 19:20

All games in this series

Show
View Real Time Build Order
Export as new Build Order

Hai Zerg 

Build Orders: Hatch First 

Get SALT Encoding   

  12  0:00  Drone  
  13  0:13  Overlord  
  13  0:17  Drone  
  14  0:32  Drone x2  
  16  0:51  Hatchery  
  16  0:53  Drone  
  16  0:55  Drone  
  17  0:59  Drone  
  18  1:10  Extractor  
  17  1:15  Spawning Pool  
  17  1:18  Drone  
  17  1:21  Drone  
  18  1:29  Drone  
  20  1:40  Drone  
  20  1:51  Overlord  
  20  2:02  Queen x2  
  20  2:03  Zergling x4  
  26  2:12  Metabolic Boost  
  26  2:15  Drone  
  27  2:32  Hatchery  
  25  2:42  Drone x2  
  27  2:44  Drone x2  
  27  2:51  Drone x2  
  31  2:54  Drone  
  32  2:58  Drone  
  32  3:04  Overlord  
  33  3:10  Drone  
  33  3:12  Drone  
  35  3:16  Extractor  
  35  3:17  Drone  
  35  3:22  Roach Warren  
  35  3:23  Drone x2  
  35  3:24  Drone  
  38  3:34  Drone x2  
  39  3:41  Overlord  
  39  3:44  Overlord  
  39  4:09  Roach  
  41  4:10  Roach x8  
  57  4:19  Roach x2  
  57  4:21  Zergling x2  
  62  4:25  Zergling x2  
  62  4:27  Zergling x6  
  66  4:37  Zergling x2, Overlord  
  66  4:44  Overlord  
  66  4:50  Overlord  
  66  4:55  Zergling x2  
  66  4:56  Zergling x14  
  68  5:13  Zergling x4  
  65  5:14  Zergling x4  
  65  5:17  Ravager x2  
  65  5:18  Ravager, Zergling x4  
  62  5:31  Zergling x2  
  62  5:32  Zergling x2  
  62  5:35  Zergling x4  
  62  5:36  Zergling x10  
  68  5:43  Zergling x2  
  68  5:47  Drone x4  
  68  5:55  Zergling x2  
  68  5:56  Zergling x2  
  61  5:58  Drone  
  61  6:09  Spore Crawler  
  52  6:14  Spore Crawler  
  44  6:20  Queen x2  
  44  6:21  Drone  
  47  6:31  Drone x3  
  47  6:38  Drone  
  41  6:55  Drone x4  
  41  7:00  Drone  
  46  7:02  Drone x2  
  46  7:04  Spore Crawler  
  46  7:06  Spore Crawler  
  46  7:08  Drone x2  
  48  7:15  Drone x2  
  50  7:21  Lair  
  50  7:25  Queen  
  52  7:36  Spore Crawler  
  51  7:37  Spore Crawler  
  47  7:44  Drone x3  
  47  7:47  Queen  
  49  8:17  Drone x2  
  43  8:32  Drone  
  42  8:34  Spire  
  42  8:36  Drone x4, Spore Crawler  
  42  8:37  Drone x3  
  42  8:38  Drone, Spore Crawler  
  47  8:43  Queen  
  45  8:53  Spire  
  45  8:58  Drone x2  
  45  8:59  Drone  
  45  9:01  Spore Crawler  
  43  9:04  Drone x3  
  39  9:23  Drone x3  
  39  9:24  Drone x2  
  44  9:26  Queen x2  
  47  9:42  Overlord  
  47  9:43  Overlord  
  47  9:44  Roach x2  
  47  9:45  Extractor, Roach x4  
  55  9:58  Drone, Overlord  
  55  9:59  Overlord x2  
  56  10:03  Drone  
  57  10:20  Corruptor x4  
  65  10:23  Hatchery  
  64  10:30  Corruptor  
  64  10:32  Corruptor x2  
  59  10:45  Drone x4  
  63  10:55  Roach x2  
  67  11:06  Drone x2  
  67  11:07  Drone  
  70  11:55  Roach x4  
  70  11:56  Roach x2  
  70  11:58  Drone x2  
  70  11:59  Drone x3  
  87  12:03  Glial Reconstitution  
  87  12:07  Drone x6  
  87  12:16  Corruptor  
  87  12:17  Corruptor  
  87  12:20  Drone  
  87  12:21  Drone x2  
  93  12:27  Roach  
  95  12:30  Corruptor x2  
  95  12:31  Corruptor  
  95  12:32  Overseer  
  101  12:37  Drone x3  
  101  12:38  Extractor  
  103  13:05  Extractor  
  102  13:09  Roach x6, Spawning Pool  
  105  13:38  Ravager x3  
  105  13:39  Ravager  
  103  13:41  Roach  
  105  13:59  Ravager x2  
  105  14:01  Zergling x2  
  105  14:02  Zergling x16  
  114  14:04  Overlord x5  
  114  14:05  Overlord  
  114  14:15  Corruptor  
  109  14:21  Zergling x4  
  111  14:27  Drone  
  111  14:28  Drone x4  
  116  14:33  Zergling x2  
  99  14:51  Corruptor x3  
  97  14:55  Zergling x4  
  90  15:01  Queen x3  
  90  15:03  Corruptor  
  90  15:05  Drone x3  
  86  15:31  Roach x5  
  86  15:32  Roach x3  
  96  15:36  Drone  
  95  15:43  Drone  
  95  15:44  Drone x2  
  98  15:52  Zergling x4  
  98  15:53  Zergling x2  
  101  15:59  Drone x2  
  101  16:02  Ravager  
  101  16:03  Ravager  
  105  16:05  Ravager  
  105  16:07  Zergling x2  
  107  16:12  Zergling x2  
  108  16:20  Drone x2  
  108  16:24  Drone  
  108  16:25  Drone x2  
  98  16:34  Corruptor  
  98  16:39  Drone x2  
  87  17:13  Roach  
  87  17:15  Drone x7  
  95  17:16  Drone x3  
  95  17:22  Infestation Pit  
  98  17:24  Ravager  
  98  17:25  Ravager  
  98  17:26  Ravager  
  98  17:27  Ravager  
  98  17:29  Zergling x2  
  103  17:38  Spine Crawler  
  103  17:42  Evolution Chamber  
  101  17:47  Evolution Chamber  
  101  17:49  Zergling x4  
  102  17:51  Zergling x2  
  96  18:03  Drone x4  
  97  18:22  Zergling x2  
  83  18:41  Zergling x12  
  78  19:01  Zergling x4  
  78  19:02  Zergling x10  
Show
View Real Time Build Order
Export as new Build Order

Prasertwit Terran - Winner!

Build Orders: Reaper Expand 

Get SALT Encoding   

  12  0:00  SCV  
  13  0:13  SCV  
  14  0:17  Supply Depot  
  14  0:25  SCV  
  15  0:38  SCV  
  15  0:40  Barracks  
  16  0:45  Refinery  
  16  0:50  SCV  
  17  1:02  SCV  
  18  1:15  SCV  
  19  1:27  Reaper  
  19  1:28  Orbital Command  
  20  1:42  Command Center  
  20  1:58  SCV  
  20  1:59  Supply Depot  
  20  2:01  Marine  
  22  2:11  SCV  
  23  2:21  Barracks Reactor  
  23  2:22  Factory  
  23  2:23  SCV  
  23  2:24  Refinery  
  24  2:35  SCV  
  25  2:47  SCV  
  26  2:56  Orbital Command  
  26  2:59  SCV  
  27  3:09  Starport, Marine  
  30  3:13  Hellion x2, SCV  
  30  3:18  Supply Depot  
  33  3:22  SCV  
  33  3:26  SCV  
  33  3:27  Marine  
  35  3:34  SCV  
  37  3:36  Hellion x2  
  37  3:38  SCV  
  42  3:42  Supply Depot  
  42  3:46  SCV  
  43  3:50  SCV, Fusion Core  
  44  3:58  SCV  
  44  4:01  Hellion x2, Starport Tech Lab  
  49  4:02  SCV  
  49  4:12  Supply Depot  
  49  4:13  SCV  
  49  4:15  SCV  
  51  4:25  SCV  
  51  4:27  SCV  
  53  4:37  Command Center, SCV  
  54  4:38  Battlecruiser  
  54  4:45  Bunker  
  60  4:47  Marine  
  60  4:49  Bunker, Widow Mine  
  60  4:50  Widow Mine  
  60  4:52  SCV  
  66  4:55  SCV  
  67  5:02  Supply Depot x2  
  67  5:04  SCV  
  53  5:22  Hellion x2, SCV  
  53  5:23  SCV  
  50  5:43  Hellion x2  
  30  6:00  Battlecruiser  
  24  6:05  Hellion  
  24  6:09  SCV x2  
  20  6:21  SCV  
  15  6:27  Orbital Command  
  12  6:49  Hellion x2  
  16  6:54  SCV  
  16  6:57  SCV  
  16  6:58  SCV  
  19  7:09  SCV x2  
  21  7:24  SCV  
  21  7:25  SCV  
  23  7:32  SCV  
  23  7:36  SCV  
  25  7:46  Hellion  
  25  7:50  SCV x2  
  29  7:58  SCV  
  29  8:29  SCV  
  29  8:30  Hellion x2  
  34  8:40  Orbital Command  
  34  8:45  SCV  
  34  8:46  SCV  
  36  8:58  SCV  
  37  9:03  Orbital Command  
  37  9:11  SCV  
  37  9:13  Hellion  
  40  9:34  SCV x2  
  42  9:40  SCV  
  43  9:46  SCV  
  44  10:03  Hellion  
  44  10:04  Hellion  
  48  10:08  Battlecruiser  
  48  10:09  Orbital Command  
  54  10:23  Weapon Refit  
  54  10:28  SCV  
  54  10:30  Hellion  
  54  10:31  Hellion  
  59  10:42  SCV  
  60  10:44  SCV  
  60  10:47  Marine  
  62  10:52  Widow Mine x2  
  62  10:55  SCV  
  67  10:59  Bunker  
  67  11:04  Marine  
  68  11:21  Supply Depot x2, Widow Mine x2  
  68  11:22  Marine  
  68  11:25  SCV  
  74  11:40  Marine  
  74  11:45  Orbital Command  
  75  11:59  SCV x2  
  75  12:01  Engineering Bay  
  73  12:21  Factory  
  73  12:22  Factory  
  73  12:26  Bunker  
  73  12:29  Marine  
  65  12:33  Bunker  
  66  12:39  Missile Turret  
  66  12:44  SCV x2  
  68  12:45  Missile Turret  
  68  12:47  Marine  
  69  12:53  SCV  
  69  12:56  SCV x2  
  72  12:59  Siege Tank  
  75  13:08  Refinery x2  
  75  13:09  Factory Reactor, Factory Tech Lab  
  75  13:13  Viking x2  
  77  13:39  Marine  
  78  13:48  Missile Turret  
  78  13:50  Missile Turret  
  78  13:54  Missile Turret  
  76  13:56  Hellion x3, Missile Turret  
  76  13:57  Hellion, Marine, Missile Turret  
  81  14:14  Marine  
  78  14:26  Hellion x2, Siege Tank  
  85  14:32  Marine  
  85  14:34  Hellion  
  83  15:03  Hellion x2, Siege Tank  
  90  15:08  Hellion, Orbital Command  
  92  15:39  Hellion  
  92  15:40  Siege Tank  
  92  15:41  Hellion, Supply Depot  
  92  15:42  Supply Depot  
  91  15:53  SCV x2  
  91  15:56  SCV  
  94  16:05  SCV  
  94  16:08  SCV  
  94  16:09  SCV  
  97  16:13  Supply Depot  
  97  16:14  Supply Depot  
  84  16:42  Hellion x2, Siege Tank x2, Viking x2  
  84  16:43  SCV x2  
  100  17:16  Hellion, Siege Tank x2  
  108  17:23  SCV x2  
  108  17:24  Refinery  
  108  17:25  Refinery  
  110  17:33  SCV  
  110  17:35  SCV x2  
  113  17:40  Supply Depot x2  
  113  17:45  SCV  
  107  18:05  SCV x2  
  107  18:11  Missile Turret  
  108  18:13  SCV  
  108  18:15  Missile Turret  
  108  18:16  Armory  
  108  18:17  SCV  
  110  18:20  Missile Turret  
  110  18:51  Hellion x2  
  110  18:52  SCV  
  121  18:56  SCV x2  
Tags
 
Add a new tag
Caveats
  • Supply blocks, unpowered buildings, or Contaminate may cause inaccurate times.
  • Supply counts are checked every 10 seconds.